 Dungeon Crawl Stone Soup version 0.29-a0-284-gf9362112df (webtiles) character file.

Game seed: 4415019700215790190

213 rabbitsville the Shooter (level 5, -2/29 HPs)
             Began as a Deep Elf Hunter on Mar 29, 2022.
             Slain by Duvessa
             ... wielding a +0 short sword
              (9 damage)
             ... on level 4 of the Dungeon.
             The game lasted 00:11:09 (2648 turns).

rabbitsville the Shooter (Deep Elf Hunter)          Turns: 2648, Time: 00:11:10

Health: -2/29      AC:  6    Str:  8    XL:     5   Next: 59%
Magic:  14/14      EV: 13    Int: 14    God:
Gold:   168        SH:  5    Dex: 26    Spells: 13/13 levels left

rFire   . . .      SeeInvis .   b - +4 dagger (venom)
rCold   . . .      Faith    .   (no shield)
rNeg    + . .      Spirit   .   d - +0 leather armour
rPois   .          Reflect  +   l - +0 helmet
rElec   .          Harm     .   m - +0 cloak
rCorr   .          Rampage  .   i - +0 pair of gloves
Will    .....                   (no boots)
Stlth   ++........              k - amulet of reflection
HPRegen 0.09/turn               f - +6 ring of dexterity
MPRegen 0.14/turn               h - ring of positive energy

@: no status effects
A: no striking features
a: no special abilities


You were on level 4 of the Dungeon.
You visited 1 branch of the dungeon, and saw 4 of its levels.

You collected 168 gold pieces.

Inventory:

Hand Weapons
 a - a +1 shortbow
 b - a +4 dagger of venom (weapon)
 g - a +0 club
Armour
 d - a +0 leather armour (worn)
 i - a +0 pair of gloves (worn)
 l - a +0 helmet (worn)
 m - a +0 cloak (worn)
Jewellery
 f - a +6 ring of dexterity (left hand)
 h - a ring of positive energy (right hand)
 k - an amulet of reflection (around neck)
 r - a ring of protection from cold
Wands
 n - a wand of paralysis (10)
Scrolls
 c - 2 scrolls of immolation
 e - a scroll of enchant weapon {unknown}
 o - a scroll of identify {unknown}
 p - a scroll of blinking {unknown}
 q - a scroll of magic mapping {unknown}
Potions
 j - a potion of flight {unknown}
 s - a potion of haste {unknown}


   Skills:
 - Level 1.6 Fighting
 + Level 7.4 Bows
 - Level 2.5 Dodging
 - Level 1.3 Stealth
 + Level 4.8 Spellcasting


You had 13 spell levels left.
You didn't know any spells.
Your spell library contained the following spells:

 Spells                   Type           Power      Damage    Failure   Level
 Beastly Appendage        Tmut           6%         N/A       26%         1
 Wereblood                Tmut           3%         N/A       36%         2
 Spider Form              Tmut/Pois      3%         N/A       61%         3


Dungeon Overview and Level Annotations

Branches:
Dungeon (4/15)
 Temple: D:4-7

Altars:
Cheibriados
Gozag
Uskayaw

Annotations:
D:4 Duvessa


Message History

You shoot an arrow. The arrow hits the adder!
You kill the adder!
Unknown command.
Duvessa is nearby!
Shoot: a) +1 shortbow
Press: ? - help, Q - select action, (/) - cycle Shift-Dir - straight line, f - Duvessa
Aim: Duvessa, wielding a +0 short sword and wearing a +0 leather armour (wandering, hasn't noticed you, 72% to hit)
You shoot an arrow. The arrow closely misses Duvessa.
Duvessa shouts!
Duvessa goes berserk!
Shoot: a) +1 shortbow
Press: ? - help, Q - select action, (/) - cycle Shift-Dir - straight line, f/p - Duvessa
Aim: Duvessa, wielding a +0 short sword and wearing a +0 leather armour (berserk, 72% to hit)
You shoot an arrow.
The arrow hits Duvessa but does no damage.
Your +4 dagger of venom begins to drip with poison!
b - a +4 dagger of venom (weapon)
Duvessa hits you with a +0 short sword!
Ouch! That really hurt!
You hit Duvessa but do no damage.
Duvessa is poisoned.
You block Duvessa's attack.
You hit Duvessa but do no damage.
Duvessa is lightly wounded.
Duvessa hits you with a +0 short sword!
* * * LOW HITPOINT WARNING * * *
Duvessa hits you with a +0 short sword.
* * * LOW HITPOINT WARNING * * *
You hit Duvessa.
Duvessa looks even sicker.
Duvessa is lightly wounded.
You block Duvessa's attack.
You hit Duvessa.
Duvessa looks as sick as possible!
Duvessa is lightly wounded.
Duvessa misses you. x2
You hit Duvessa but do no damage.
Duvessa looks as sick as possible!
Duvessa is lightly wounded.
Duvessa hits you but does no damage.
You hit Duvessa.
Duvessa looks as sick as possible!
Duvessa is moderately wounded.
Duvessa hits you with a +0 short sword!
You die...

.##. #.## ... ..### ♣♣♣
♣.### ....# ♣ ♣.. ♣...#
#.#.#### ♣
♣.♣.♣♣♣...###.#.....
♣.♣.♣.♣......†...#
........_...###..#
.♣.♣.♣.......#..#
♣.♣.♣.♣♣♣.#.....@######
..♣.♣...♣.......e.......
♣♣♣.♣♣♣.♣.##..#....####.
.................).....
##...#.........####....
#...#.........# .....
#...#.........# ...#
#...#......#### ##.#
#...#......#


You could see Duvessa (berserk, extremely poisoned).

Vanquished Creatures
  Dowan (D:4)
  A howler monkey (D:3)
  5 adders
  A gnoll (D:1)
  A worm (D:2)
  3 dart slugs
  4 orcs (D:3)
  4 endoplasms
  4 giant cockroaches
  8 goblins
  6 hobgoblins
  3 kobolds
  3 quokkas
  A ball python (D:3)
  6 bats
  5 frilled lizards
  7 rats
63 creatures vanquished.

Notes
Turn   | Place    | Note
-------+----------+-------------------------------------------
     0 | D:1      | rabbitsville the Deep Elf Hunter began the quest for the
                  | Orb.
     0 | D:1      | Reached XP level 1. HP: 12/12 MP: 3/3
   130 | D:1      | Reached skill level 1 in Spellcasting
   221 | D:1      | Reached XP level 2. HP: 16/16 MP: 5/5
   250 | D:1      | You fall into a shaft and drop 1 floor!
   401 | D:1      | Reached XP level 3. HP: 20/20 MP: 8/8
   405 | D:1      | Reached skill level 6 in Bows
  1130 | D:2      | Reached XP level 4. HP: 25/25 MP: 10/10
  1538 | D:3      | Found an opulent altar of Gozag.
  2129 | D:3      | Reached skill level 7 in Bows
  2129 | D:3      | Reached XP level 5. HP: 29/29 MP: 13/13
  2504 | D:4      | Found a hide-covered altar of Uskayaw.
  2527 | D:4      | Found a snail-covered altar of Cheibriados.
  2527 | D:4      | Noticed Duvessa
  2533 | D:4      | Noticed Dowan
  2551 | D:4      | Killed Dowan
  2648 | D:4      | Slain by Duvessa

Illustrated notes

Levels and vault maps discovered:
D:1:      lemuel_arrival_hallway, layout_loops_ring
D:2:      layout_loops_ring
D:3:      layout_loops_corners, nicolae_gozag_seed_capital
D:4:      layout_basic, mainiacjoe_overflow_large_starburst, serial_shops, shop,
          minivault_24, uniq_pargi, uniq_duvessa, uniq_natasha

Skill      XL: |  1  2  3  4 |
---------------+-------------+-----
Spellcasting   | 1 2 3 4 |  4.8
Bows           | 6 7 |  7.4
Fighting       | |  1.6
Dodging        | |  2.5
Stealth        | |  1.3

Action                   |  1- 3 |  4- 6 || total
-------------------------+-------+-------++-------
Melee: Dagger            |     7 |    28 ||    35
 Fire: Shortbow          |    56 |    45 ||   101
Armor: Leather armour    |     5 |     3 ||     8
Dodge: Dodged            |    11 |    13 ||    24
Block: Other             |       |     5 ||     5
       Reflection        |       |     1 ||     1

Table legend: (Time is in decaauts)
 A = Elapsed time spent in this place.
 B = Non-inter-level travel time spent in this place.
 C = Inter-level travel time spent in this place.
 D = Time resting spent in this place.
 E = Time spent auto-exploring this place.
 F = Levels seen in this place.
 G = Mean time per level.
                   A        B        C        D        E       F      G
               +--------+--------+--------+--------+--------+-----+--------+
         Total |   2660 |   2571 |     89 |      6 |   1949 |   4 |  665.0 |
       Dungeon |   2660 |   2571 |     89 |      6 |   1949 |   4 |  665.0 |
               +--------+--------+--------+--------+--------+-----+--------+

Top non-repeatable levels by time:
     D:3: 1024 daAuts
     D:2: 775 daAuts
     D:1: 717 daAuts
     D:4: 143 daAuts
